PCL
TEXARKANA BEARS @ ALBUQUERQUE ISOTOPES
05/24/2026
 
TOP OF THE 1ST
Lansing Lugnuts batting - Pitching for Albuquerque Isotopes : RHP Jesús Silva
Pitching: RHP Jesús Silva
Batting: RHB David Murray 0-0: SINGLE (Line Drive, 7S)
Batting: RHB Wilson Gómez 0-0: Ball
1-0: Fly out, F8 (Flyball, 8LM)
Batting: LHB Tom Mullins 0-0: Foul Ball, location: 2F
0-1: Foul Ball, location: 2F
0-2: Ball
1-2: Strikes out swinging
Batting: RHB Billy Campbell 0-0: Ball
David Murray steals 2nd base
1-0: Swinging Strike
1-1: Ball
2-1: Swinging Strike
2-2: Ball
3-2: Foul Ball, location: 2F
3-2: Foul Ball, location: 2F
3-2: Strikes out swinging
Top of the 1st over - 0 run(s), 1 hit(s), 0 error(s), 1 left on base; Lansing 0 - Albuquerque 0
BOTTOM OF THE 1ST
Albuquerque Isotopes batting - Pitching for Lansing Lugnuts : RHP Ángelo Gusmán
Pitching: RHP Ángelo Gusmán
Batting: RHB Alfonso Huertas 0-0: Ball
1-0: Foul Ball, location: 2F
1-1: Ball
2-1: Fly out, F8 (Flyball, 8LM)
Pitching: RHP Nicoláo Gericota
Batting: RHB Juan Vareas 0-0: Fly out, F4 (Popup, 4M)
Batting: SHB Lee Townsend 0-0: Ball
1-0: Ball
2-0: Ball
3-0: Called Strike
3-1: Base on Balls
Batting: LHB Mark Vestal 0-0: Swinging Strike
0-1: Swinging Strike
0-2: Ball
1-2: Foul Ball, location: 2F
1-2: Ball
2-2: Ball
3-2: Strikes out swinging
Bottom of the 1st over - 0 run(s), 0 hit(s), 0 error(s), 1 left on base; Lansing 0 - Albuquerque 0
TOP OF THE 2ND
Lansing Lugnuts batting - Pitching for Albuquerque Isotopes : RHP Jesús Silva
Batting: LHB Sam Barnes 0-0: Ball
1-0: Ball
2-0: Ball
3-0: Base on Balls
Batting: RHB Kun Liu 0-0: Ball
1-0: Fly out, F7 (Flyball, 8LD)
Batting: RHB Sadao Kimura 0-0: Called Strike
0-1: Fly out, F8 (Flyball, 8RD)
Batting: RHB Steve Garneys 0-0: Ball
1-0: Called Strike
1-1: Called Strike
1-2: SINGLE (Groundball, 4M)
Sam Barnes to second
Batting: LHB Alberto Medine 0-0: Called Strike
0-1: Foul Ball, location: 2F
0-2: Ball
1-2: Ball
2-2: Ground out 4-3 (Groundball, 4MS)
Top of the 2nd over - 0 run(s), 1 hit(s), 0 error(s), 2 left on base; Lansing 0 - Albuquerque 0
BOTTOM OF THE 2ND
Albuquerque Isotopes batting - Pitching for Lansing Lugnuts : RHP Nicoláo Gericota
Batting: LHB Bernardo Montés 0-0: Ground out 4-3 (Groundball, 34)
Batting: RHB Arturo García 0-0: Ball
1-0: SINGLE (Groundball, 34D)
Batting: RHB Juan Alberto 0-0: Ball
1-0: Called Strike
1-1: Ball
2-1: Called Strike
2-2: Ball
3-2: Foul Ball, location: 2F
3-2: Base on Balls
Arturo García to second
Batting: RHB Luis Martínez 0-0: Called Strike
0-1: Foul Ball, location: 2F
0-2: Strikes out looking
Batting: LHB Fernando Ortíz 0-0: Ball
1-0: Ball
2-0: Ball
3-0: Called Strike
3-1: 3-RUN HOME RUN (Flyball, 9D), Distance : 376 ft
Pitching: RHP Kosami Tagawa
Batting: RHB Alfonso Huertas 0-0: Called Strike
0-1: Ball
1-1: Foul Ball, location: 2F
1-2: Ball
2-2: Ball
3-2: Fly out, F2 (Popup, 15S)
Bottom of the 2nd over - 3 run(s), 2 hit(s), 0 error(s), 0 left on base; Lansing 0 - Albuquerque 3
TOP OF THE 3RD
Lansing Lugnuts batting - Pitching for Albuquerque Isotopes : RHP Jesús Silva
Batting: RHB David Murray 0-0: Ball
1-0: Fly out, F9 (Flyball, 9S)
Batting: RHB Wilson Gómez 0-0: Called Strike
0-1: Called Strike
0-2: Ball
1-2: Ball
2-2: Fly out, F8 (Flyball, 8RM)
Batting: LHB Tom Mullins 0-0: Ball
1-0: Foul Ball, location: 2F
1-1: Fly out, F8 (Flyball, 8LD)
Top of the 3rd over - 0 run(s), 0 hit(s), 0 error(s), 0 left on base; Lansing 0 - Albuquerque 3
BOTTOM OF THE 3RD
Albuquerque Isotopes batting - Pitching for Lansing Lugnuts : RHP Kosami Tagawa
Batting: RHB Juan Vareas 0-0: Foul Ball, location: 2F
0-1: Foul Ball, location: 2F
0-2: Ball
1-2: Fly out, F7 (Flyball, 7D)
Batting: SHB Lee Townsend 0-0: SINGLE (Line Drive, 4M)
Batting: LHB Mark Vestal Pickoff Throw to First - Out!
0-0: Ground out 5-3 (Groundball, 5)
Bottom of the 3rd over - 0 run(s), 1 hit(s), 0 error(s), 0 left on base; Lansing 0 - Albuquerque 3
TOP OF THE 4TH
Lansing Lugnuts batting - Pitching for Albuquerque Isotopes : RHP Jesús Silva
Batting: RHB Billy Campbell 0-0: Called Strike
0-1: Ball
1-1: Ball
2-1: Swinging Strike
2-2: Foul Ball, location: 2F
2-2: Ball
3-2: Strikes out looking
Batting: LHB Sam Barnes 0-0: Fly out, F4 (Line Drive, 4)
Batting: RHB Kun Liu 0-0: Swinging Strike
0-1: Swinging Strike
0-2: Ball
1-2: Strikes out swinging passed ball, reaches first!
Batting: RHB Sadao Kimura 0-0: Called Strike
0-1: Ball
1-1: Called Strike
1-2: Strikes out swinging
Top of the 4th over - 0 run(s), 0 hit(s), 0 error(s), 1 left on base; Lansing 0 - Albuquerque 3
BOTTOM OF THE 4TH
Albuquerque Isotopes batting - Pitching for Lansing Lugnuts : RHP Kosami Tagawa
Batting: LHB Bernardo Montés 0-0: Ball
1-0: Ball
2-0: Foul Ball, location: 2F
2-1: Ball
3-1: Base on Balls
Batting: RHB Arturo García 0-0: Foul Ball, location: 2F
0-1: Ground out 5-3 (Groundball, 56S)
Bernardo Montés to second
Batting: RHB Juan Alberto 0-0: Foul Ball, location: 2F
0-1: Ball
1-1: Foul Ball, location: 2F
1-2: Strikes out swinging
Batting: RHB Luis Martínez 0-0: Foul Ball, location: 2F
0-1: Swinging Strike
0-2: Ball
1-2: Strikes out swinging
Bottom of the 4th over - 0 run(s), 0 hit(s), 0 error(s), 1 left on base; Lansing 0 - Albuquerque 3
TOP OF THE 5TH
Lansing Lugnuts batting - Pitching for Albuquerque Isotopes : RHP Jesús Silva
Batting: RHB Steve Garneys 0-0: Fly out, F6 (Line Drive, 6)
Batting: LHB Alberto Medine 0-0: Swinging Strike
0-1: Fly out, F9 (Flyball, 9LM)
Batting: RHB David Murray 0-0: Called Strike
0-1: Fly out, F8 (Flyball, 8RS)
Top of the 5th over - 0 run(s), 0 hit(s), 0 error(s), 0 left on base; Lansing 0 - Albuquerque 3
BOTTOM OF THE 5TH
Albuquerque Isotopes batting - Pitching for Lansing Lugnuts : RHP Kosami Tagawa
Batting: LHB Fernando Ortíz 0-0: Ball
1-0: DOUBLE (Line Drive, 5L)
Batting: RHB Alfonso Huertas 0-0: Called Strike
0-1: Called Strike
0-2: Fly out, F8 (Flyball, 8RM)
Batting: RHB Juan Vareas 0-0: Ball
1-0: Called Strike
1-1: Ball
2-1: Fly out, F3 (Popup, 3SF)
Batting: SHB Lee Townsend 0-0: Ball
1-0: 2-RUN HOME RUN (Flyball, 89XD), Distance : 403 ft
Batting: LHB Mark Vestal 0-0: Called Strike
0-1: Ball
1-1: Swinging Strike
1-2: Ball
2-2: Fly out, F9 (Flyball, 89D)
Bottom of the 5th over - 2 run(s), 2 hit(s), 0 error(s), 0 left on base; Lansing 0 - Albuquerque 5
TOP OF THE 6TH
Lansing Lugnuts batting - Pitching for Albuquerque Isotopes : RHP Jesús Silva
Batting: RHB Wilson Gómez 0-0: Called Strike
0-1: Ball
1-1: Ground out 5-3 (Groundball, 5S)
Batting: LHB Tom Mullins 0-0: Ball
1-0: Called Strike
1-1: Fly out, F8 (Line Drive, 8RS)
Batting: RHB Billy Campbell 0-0: Called Strike
0-1: Ball
1-1: Foul Ball, location: 2F
1-2: Foul Ball, location: 2F
1-2: Strikes out swinging
Top of the 6th over - 0 run(s), 0 hit(s), 0 error(s), 0 left on base; Lansing 0 - Albuquerque 5
BOTTOM OF THE 6TH
Albuquerque Isotopes batting - Pitching for Lansing Lugnuts : RHP Kosami Tagawa
Pitching: RHP Alberto Márquez
Batting: LHB Bernardo Montés 0-0: Ground out 2-3 (Groundball, 2L)
Batting: RHB Arturo García 0-0: Ball
1-0: Called Strike
1-1: Called Strike
1-2: Foul Ball, location: 2F
1-2: Strikes out swinging
Batting: RHB Juan Alberto 0-0: Ball
1-0: Ground out 5-3 (Groundball, 56)
Bottom of the 6th over - 0 run(s), 0 hit(s), 0 error(s), 0 left on base; Lansing 0 - Albuquerque 5
TOP OF THE 7TH
Lansing Lugnuts batting - Pitching for Albuquerque Isotopes : RHP Jesús Silva
Batting: LHB Sam Barnes 0-0: Swinging Strike
0-1: Ball
1-1: Ball
2-1: Called Strike
2-2: Foul Ball, location: 2F
2-2: SINGLE (Line Drive, 78M)
Batting: RHB Kun Liu 0-0: Called Strike
0-1: Called Strike
0-2: Ball
1-2: Ball
2-2: Fly out, F4 (Popup, 3D)
Batting: RHB Sadao Kimura 0-0: Ball
1-0: Grounds into double play, 1-4-3 (Groundball, 15)
Top of the 7th over - 0 run(s), 1 hit(s), 0 error(s), 0 left on base; Lansing 0 - Albuquerque 5
BOTTOM OF THE 7TH
Albuquerque Isotopes batting - Pitching for Lansing Lugnuts : RHP Alberto Márquez
Batting: RHB Luis Martínez 0-0: Called Strike
0-1: Called Strike
0-2: Ground out 5-3 (Groundball, 5)
Batting: LHB Fernando Ortíz 0-0: Swinging Strike
0-1: Called Strike
0-2: Ball
1-2: Strikes out looking
Batting: RHB Alfonso Huertas 0-0: Foul Ball, location: 2F
0-1: Ball
1-1: Called Strike
1-2: Foul Ball, location: 2F
1-2: Ball
2-2: DOUBLE (Flyball, 89M)
Batting: RHB Juan Vareas 0-0: Foul Ball, location: 2F
0-1: Ball
1-1: Swinging Strike
1-2: Strikes out swinging
Bottom of the 7th over - 0 run(s), 1 hit(s), 0 error(s), 1 left on base; Lansing 0 - Albuquerque 5
TOP OF THE 8TH
Lansing Lugnuts batting - Pitching for Albuquerque Isotopes : RHP Jesús Silva
Pitching: RHP Cory Lowe
Now at C: António De Los Ángeles
Batting: RHB Steve Garneys 0-0: Ball
1-0: Fly out, F7 (Flyball, 7M)
Batting: LHB Alberto Medine 0-0: Ball
1-0: Swinging Strike
1-1: Ball
2-1: Swinging Strike
2-2: Strikes out looking
Batting: RHB David Murray 0-0: Called Strike
0-1: Called Strike
0-2: Strikes out looking
Top of the 8th over - 0 run(s), 0 hit(s), 0 error(s), 0 left on base; Lansing 0 - Albuquerque 5
BOTTOM OF THE 8TH
Albuquerque Isotopes batting - Pitching for Lansing Lugnuts : RHP Alberto Márquez
Pitching: RHP Jesús Sosa
Batting: SHB Lee Townsend 0-0: Called Strike
0-1: Foul Ball, location: 2F
0-2: Strikes out looking
Batting: LHB Mark Vestal 0-0: Foul Ball, location: 2F
0-1: Ball
1-1: Foul Ball, location: 2F
1-2: Foul Ball, location: 2F
1-2: Strikes out looking
Batting: LHB Bernardo Montés 0-0: Ball
1-0: Ball
2-0: Foul Ball, location: 2F
2-1: Ball
3-1: Called Strike
3-2: Foul Ball, location: 2F
3-2: Foul Ball, location: 2F
3-2: Base on Balls
Batting: RHB Arturo García 0-0: Called Strike
0-1: Ball
1-1: Swinging Strike
1-2: Strikes out swinging
Bottom of the 8th over - 0 run(s), 0 hit(s), 0 error(s), 1 left on base; Lansing 0 - Albuquerque 5
TOP OF THE 9TH
Lansing Lugnuts batting - Pitching for Albuquerque Isotopes : RHP Cory Lowe
Pitching: RHP Manny Muńóz
Now at 1B: Vicente Torres
Batting: RHB Wilson Gómez 0-0: Ball
1-0: Foul Ball, location: 2F
1-1: Ball
2-1: Foul Ball, location: 2F
2-2: Reached on error, E1 (Groundball, 25)
Batting: LHB Tom Mullins 0-0: Swinging Strike
0-1: Ball
1-1: Called Strike
1-2: Foul Ball, location: 2F
1-2: Fly out, F6 (Popup, 6MD)
Batting: RHB Billy Campbell 0-0: Ball
1-0: Fly out, F7 (Line Drive, 78D)
Batting: LHB Sam Barnes 0-0: Called Strike
0-1: Ball
1-1: Foul Ball, location: 2F
1-2: Ball
2-2: Strikes out swinging
Top of the 9th over - 0 run(s), 0 hit(s), 1 error(s), 1 left on base; Lansing 0 - Albuquerque 5
Monday, December 5th, 2016 - OOTP Baseball 17.12 Build 75